 Dungeon Sprint DCSS version 0.29-a0-802-g34511f41fd (webtiles) character file.

Game seed: 11889482292339946627

901 mhtbhm the Grappler (level 7, -4/72 HPs)
             Began as a Yellow Draconian Transmuter on July 3, 2022.
             Was an Initiate of Gozag.
             Slain by a manticore (10 damage)
             ... in the Dungeon (Sprint IX: "|||||||||||||||||||||||||||||").
             The game lasted 00:02:15 (725 turns).

mhtbhm the Grappler (Yellow Draconian Transmuter)    Turns: 725, Time: 00:02:15

Health: -4/72      AC:  6    Str: 18    XL:     7   Next: 80%
Magic:  12/17      EV: 13    Int: 13    God:    Gozag
Gold:   468        SH:  0    Dex: 11    Spells: 10/20 levels left

rFire   x . .      SeeInvis .     - Unarmed
rCold   + + +      Faith    .   (shield currently unavailable)
rNeg    . . .      Spirit   .   (body armour unavailable)
rPois   +          Reflect  .   (helmet currently unavailable)
rElec   .          Harm     .   (cloak currently unavailable)
rCorr   .          Rampage  .   (gloves currently unavailable)
Will    .....      NoTele   +   (boots currently unavailable)
Stlth   +.........              (no amulet)
HPRegen 0.22/turn               k - +3 ring of strength
MPRegen 0.15/turn               l - +2 ring of evasion

@: ice-form, wereblooded, invisible
A: freezing attack, amphibious, boosted hp, (spit acid), AC +6, large, unfitting
armour, (cold-blooded), (acid resistance)
a: End Transformation, Renounce Religion, Potion Petition, Call Merchant, Bribe
Branch


You were in the Dungeon.
You worshipped Gozag.
Gozag was aware of your devotion.
You were a creature of crystalline ice.
You visited 1 branch You collected 468 gold pieces.

Inventory:

Armour
 j - a +0 pair of gloves (melded)
Jewellery
 k - a +3 ring of strength (left front paw)
 l - a +2 ring of evasion (right front paw)
Wands
 i - a wand of iceblast (7)
Scrolls
 g - 2 scrolls of blinking
 h - 2 scrolls of amnesia
Potions
 a - a potion of lignification
 b - 3 potions of curing
 e - 3 potions of magic


   Skills:
 + Level 4.5 Fighting
 + Level 6.1 Dodging
 + Level 12.1 Unarmed Combat
 + Level 7.4 Spellcasting
 + Level 6.2 Transmutations
 + Level 0.6 Ice Magic
 + Level 1.2 Evocations


You had 10 spell levels left.
You knew the following spells:

 Your Spells              Type           Power      Damage    Failure   Level
a - Beastly Appendage     Tmut           42%        N/A       1%          1
b - Wereblood             Tmut           21%        N/A       1%          2
c - Spider Form           Tmut/Pois      12%        N/A       12%         3
d - Ice Form              Ice/Tmut       13%        N/A       34%         4

Your spell library contained the following spells:

 Spells                   Type           Power      Damage    Failure   Level


Dungeon Overview and Level Annotations

Branches:
Dungeon (1/1)

Altars:
Cheibriados
Dithmenos
Elyvilon
Fedhas
Gozag
Hepliaklqana
Kikubaaqudgha
Makhleb
Nemelex Xobeh
Okawaru
Qazlal
Ru
Sif Muna
Trog
Uskayaw
Vehumet
Wu Jian
Xom
Yredelemnul
Zin
The Shining One
Jiyva
Lugonu


Innate Abilities, Weirdness & Mutations

You are a creature of crystalline ice.
You have a powerful freezing melee attack.
You are amphibious.
Your maximum health is increased.
Your armour is entirely melded.
You are incapable of wielding weapons or throwing items.
((You can spit globs of acid.))
((Your golden yellow scales are hard. (AC +6)))
You cannot fit into any form of body armour.
((You are cold-blooded and may be slowed by cold attacks.))
((You are resistant to acid. (rCorr)))


Message History

The volley of spikes misses you. The wind drake flaps its wings at you.
The air twists around and strikes you. The manticore bites you.
The manticore misses you. The manticore claws you!
There is an open door here.
Unknown command.
You hit the manticore. You freeze the manticore.
The manticore is lightly wounded.
The manticore closely misses you. x2
The manticore claws you but does no damage.
You punch the manticore! You freeze the manticore.
The manticore is moderately wounded.
The manticore bites you! The manticore claws you.
The manticore closely misses you.
You pummel the manticore!! You freeze the manticore.
The manticore is almost dead.
The wind drake begins repelling missiles!
The manticore barely misses you. The manticore claws you!
The manticore misses you.
The meliai mumbles some strange prayers to its god against you.
Something smites you!
* * * LOW HITPOINT WARNING * * *
You feel much better.
The meliai invokes the aid of its god against you.
Something smites you! The manticore barely misses you. The manticore claws you!
* * * LOW HITPOINT WARNING * * *
The manticore claws you!
* * * LOW HITPOINT WARNING * * *
You fade into invisibility!
The manticore bites you.
* * * LOW HITPOINT WARNING * * *
The manticore barely misses you. The manticore misses you.
Okay, then.
You completely miss the manticore.
The manticore is almost dead.
You hit the manticore. You freeze the manticore.
The manticore is almost dead.
The manticore bites you!
You die...
Your body crumbles into a pile of gold. ▓▓▓▓▓▓▓▓▓▓▓▓▓▓▓▓▓▓▓▓▓▓▓▓ .))..[[..).)....YHWykcu+ ▓▓▓▓▓▓▓▓▓▓▓▓▓▓▓▓▓▓▓▓▓▓▓▓ $ $ $ $$$$ $ $ $ $$$$$

You could see a brown ugly thing (unable to see you), a wind drake (repels missiles, unable to see you), a centaur warrior (unable to see you), a manticore (unable to see you), a wraith and a meliai (unable to see you).

Vanquished Creatures
  A vampire (D)
  A wraith (D)
  A steam dragon (D)
  An orc warrior (D)
  An ogre (D)
  2 centaurs (D)
  A kobold brigand (D)
  A hound (D)
  An iguana (D)
  An ufetubus (D)
  An endoplasm (D)
  A giant cockroach (D)
  A goblin (D)
  A bat (D)
  A frilled lizard (D)
16 creatures vanquished.

Notes
Turn   | Place    | Note
-------+----------+-------------------------------------------
     0 | D        | mhtbhm the Draconian Transmuter began the quest for the
                  | Orb.
     0 | D        | Reached XP level 1. HP: 16/16 MP: 3/3
   106 | D        | Noticed a centaur
   106 | D        | Noticed an ogre
   106 | D        | Noticed a hound
   106 | D        | Noticed an iguana
   109 | D        | Killed a centaur
   110 | D        | Reached skill level 6 in Unarmed Combat
   110 | D        | Reached XP level 2. HP: 22/23 MP: 2/6
   110 | D        | Reached XP level 3. HP: 28/28 MP: 2/8
   110 | D        | Reached XP level 4. HP: 34/35 MP: 2/9
   111 | D        | Killed an ogre
   112 | D        | Reached skill level 8 in Unarmed Combat
   112 | D        | Reached XP level 5. HP: 41/41 MP: 2/12
   116 | D        | Reached skill level 5 in Spellcasting
   170 | D        | Found a snail-covered altar of Cheibriados.
   170 | D        | Found a shadowy altar of Dithmenos.
   170 | D        | Found a white marble altar of Elyvilon.
   170 | D        | Found a blossoming altar of Fedhas.
   170 | D        | Found an opulent altar of Gozag.
   171 | D        | Found a hazy altar of Hepliaklqana.
   172 | D        | Found a viscous altar of Jiyva.
   173 | D        | Found an ancient bone altar of Kikubaaqudgha.
   174 | D        | Found a corrupted altar of Lugonu.
   204 | D        | Found a burning altar of Makhleb.
   205 | D        | Found a sparkling altar of Nemelex Xobeh.
   206 | D        | Found an iron altar of Okawaru.
   207 | D        | Became a worshipper of Gozag Ym Sagoz the Greedy
   208 | D        | Found a stormy altar of Qazlal.
   209 | D        | Found a sacrificial altar of Ru.
   210 | D        | Found a shimmering blue altar of Sif Muna.
   211 | D        | Found a bloodstained altar of Trog.
   212 | D        | Found a hide-covered altar of Uskayaw.
   213 | D        | Found a radiant altar of Vehumet.
   214 | D        | Found an ornate altar of the Wu Jian Council.
   215 | D        | Found a shimmering altar of Xom.
   216 | D        | Found a basalt altar of Yredelemnul.
   217 | D        | Found a glowing silver altar of Zin.
   218 | D        | Found a glowing golden altar of the Shining One.
   253 | D        | Learned a level 2 spell: Wereblood
   257 | D        | Learned a level 3 spell: Spider Form
   262 | D        | Learned a level 4 spell: Ice Form
   262 | D        | Noticed a vampire
   262 | D        | Noticed a wraith
   262 | D        | Noticed a centaur
   262 | D        | Noticed a steam dragon
   262 | D        | Noticed an orc warrior
   269 | D        | Reached skill level 9 in Unarmed Combat
   269 | D        | Reached skill level 5 in Transmutations
   269 | D        | Reached XP level 6. HP: 42/48 MP: 9/14
   297 | D        | Killed a vampire
   298 | D        | Reached skill level 5 in Dodging
   298 | D        | Reached skill level 10 in Unarmed Combat
   311 | D        | Killed a wraith
   312 | D        | Reached skill level 11 in Unarmed Combat
   312 | D        | Your scales start taking on a golden yellow colour.
   312 | D        | Reached XP level 7. HP: 21/57 MP: 15/17
   312 | D        | Gained mutation: You are resistant to acid. (rCorr) [Yellow
                  | Draconian growth]
   315 | D        | Reached skill level 1 in Evocations
   514 | D        | Killed a steam dragon
   529 | D        | Reached skill level 12 in Unarmed Combat
   717 | D        | Noticed a manticore
   717 | D        | Noticed a wraith
   717 | D        | Noticed a meliai
   717 | D        | Noticed a wind drake
   717 | D        | Noticed a centaur warrior
   717 | D        | Noticed a brown ugly thing
   725 | D        | Slain by a manticore

Illustrated notes

Levels and vault maps discovered:
D:        linesprint [early_d, line_temple, items_1, d_10, items_2, lair_1,
          lair_end, items_3, orc_1, orc_end, items_4, d_15, swamp_1, shoals_1,
          snake_1, spider_1, d_20, vaults_1, items_5, swamp_end, shoals_end,
          snake_end, spider_end, vaults_end, d_27, items_6, zot_1, zot_end,
          crypt_end, forest_end, elf_end, slime_end, tomb_end, abyss_end,
          pan_hell_end]

Skill      XL: |  1  2  3  4  5  6  7 |
---------------+----------------------+-----
Dodging        | 3 4 5 6 |  6.1
Unarmed Combat | 6 8 9 11 12 | 12.1
Spellcasting   | 3 4 5 6 7 |  7.4
Transmutations | 3 4 5 6 |  6.2
Fighting       | 2 3 4 |  4.5
Evocations     | 1 |  1.2
Ice Magic      | |  0.6

Action                   |  1- 3 |  4- 6 |  7- 9 || total
-------------------------+-------+-------+-------++-------
Melee: Unarmed           |    18 |    34 |    12 ||    64
       Headbutt          |     3 |     4 |       ||     7
       Kick              |     2 |    12 |     1 ||    15
       Tailslap          |     2 |     2 |       ||     4
       Punch             |       |     3 |       ||     3
 Cast: Beastly Appendage |     2 |     2 |       ||     4
       Wereblood         |       |     1 |     2 ||     3
       Ice Form          |       |       |     2 ||     2
 Abil: Breathe Acid      |       |       |     1 ||     1
Evoke: Wand              |       |     3 |       ||     3
  Use: Potion            |     1 |     6 |     2 ||     9
Armor: Skin              |     7 |     3 |     4 ||    14
Dodge: Dodged            |    13 |    12 |    19 ||    44

Table legend: (Time is in decaauts)
 A = Elapsed time spent in this place.
 B = Non-inter-level travel time spent in this place.
 C = Inter-level travel time spent in this place.
 D = Time resting spent in this place.
 E = Time spent auto-exploring this place.
 F = Levels seen in this place.
 G = Mean time per level.
                   A        B        C        D        E       F      G
               +--------+--------+--------+--------+--------+-----+--------+
         Total |    714 |    714 |      0 |    520 |      0 |   1 |  714.0 |
       Dungeon |    714 |    714 |      0 |    520 |      0 |   1 |  714.0 |
               +--------+--------+--------+--------+--------+-----+--------+

Top non-repeatable levels by time:
       D: 714 daAuts
